Cogmind - Beta 13 @@@ ROGUE MODE // 2024.04.07 @ 16:10:23 Player: Waste Result: Destroyed by Lightning with EMDS Performance ------------- Evolutions (5) 2500 Regions Visited (24) 4800 Robots Destroyed (298) 1490 Value Destroyed (11598) 11598 Prototype IDs (46) 920 Alien Tech Used (0) 0 Bonus (4164) 4164 TOTAL SCORE: 25472 Bonus ------- High Alert Combat Kills 1558 Follower Combat Kills 1148 Entered Garrisons 200 Network Hubs Disabled 400 Aligned with FarCom 300 Met Data Miner 300 Acquired ECA 300 Met Zhirov 300 Read Decrypted Archives 300 Friendly Fire -642 Cogmind --------- Core Integrity 0/1000 Matter 257/300 Energy 100/100 System Corruption 54% Temperature Cool (0) Movement Core (50) Location -5/Hub_04(d) Parts ------- > --- POWER (1) -------- (None) > --- PROPULSION (4) --- (None) > --- UTILITY (8) ------ (None) > --- WEAPON (4) ------- (None) > --- INVENTORY (5) ---- Compact Wheel Advanced Heat Sink Advanced Terrain Scanner Advanced KE Penetrator Missile Launcher Peak State ------------ > --- POWER ------------ Reinforced Fission Core > --- PROPULSION ------- Improved Treads Improved Treads Centrium Heavy Treads > --- UTILITY ---------- Improved Cooling System Huge Storage Unit Experimental Signal Interpreter Advanced Terrain Scan Processor Improved Medium Armor Plating Layered Medium Armor Plating Centrium Medium Armor Plating Improved Thermal Shield > --- WEAPON ----------- KE Penetrator KE Penetrator KE Penetrator KE Penetrator > --- INVENTORY -------- Light Angular Momentum Engine Improved Medium Treads Carbon-fiber Leg Flexi-carbon Leg Flexi-carbon Leg Flexi-carbon Leg Compact Wheel Advanced Heat Sink Advanced Heat Sink Advanced Cooling System Matter Compressor Experimental Sensor Array Advanced Signal Interpreter Advanced Terrain Scanner Advanced Terrain Scanner Centrium Medium Armor Plating Centrium Medium Armor Plating Gatling Laser Advanced Variable Charge Gun Heavy Phase Cannon Advanced KE Penetrator Missile Launcher Heavy Rocket Launcher Makeshift Hammer Ionic Axe [Rating: 106] Favorites ----------- Power Heavy Ion Engine Engine Heavy Ion Engine Power Core Reinforced Fission Core Propulsion Medium Treads Treads Medium Treads Leg Aluminum Leg Wheel Wheel Utility Huge Storage Unit Device Experimental Sensor Array Storage Huge Storage Unit Processor Experimental Signal Interpreter Hackware Improved System Shield Protection Layered Light Armor Plating Weapon Minigun Energy Gun Gatling Laser Energy Cannon Heavy Plasma Cannon Ballistic Gun Minigun Ballistic Cannon Bore Cannon Launcher Rocket Array Impact Weapon Maul Piercing Weapon Lance Build | -11 -10 -10 -9 -9 -9 -8 -8 -8 -8 -7 -7 -7 -7 -6 -6 -6 -6 -6 -5 -5 -5 -5 -5 -5 ------- Run | Yrd Mat Min Mat Min Exi Min Mat Gar Mat Fac Low Low Zio Pro Fac Low Low Dat Pro Fac Ext Cet Arc Hub Slots Evolved 10 | . . . 2 . . . 2 . . 2 . . . . 2 . . . . 2 . . . . Power . | . . . . . . . . . . . . . . . . . . . . . . . . . Propulsion 2 | . . . 1 . . . . . . 1 . . . . . . . . . . . . . . Utility 6 | . . . 1 . . . . . . 1 . . . . 2 . . . . 2 . . . . Weapon 2 | . . . . . . . 2 . . . . . . . . . . . . . . . . . Parts Attached 311 | . 17 2 6 1 . 1 29 5 17 28 11 8 13 8 43 14 . 5 9 63 22 7 1 1 Power 11 | . 3 . 1 . . . 2 . 1 . . 1 . . 2 . . . . 1 . . . . Engine 10 | . 3 . 1 . . . 2 . 1 . . 1 . . 2 . . . . . . . . . Core 1 | . . . . . . . . . . . . . . . . . . . . 1 . . . . Reactor . | . . . . . . . . . . . . . . . . . . . . . . . . . Propulsion 49 | . 5 . 2 . . 1 10 2 4 4 3 . . . 5 . . . . 6 6 1 . . Treads 39 | . . . . . . . 8 2 4 4 3 . . . 5 . . . . 6 6 1 . . Leg 7 | . 5 . . . . 1 1 . . . . . . . . . . . . . . . . . Wheel 3 | . . . 2 . . . 1 . . . . . . . . . . . . . . . . . Hover . | . . . . . . . . . . . . . . . . . . . . . . . . . Flight . | . . . . . . . . . . . . . . . . . . . . . . . . . Utility 119 | . 3 . 1 1 . . 3 . 5 10 5 5 5 3 20 11 . . 6 31 7 3 . . Device 67 | . 1 . . . . . 1 . 1 3 2 2 . 2 15 10 . . 5 21 4 . . . Storage 5 | . 2 . . . . . . . 2 . . . . . . . . . . . 1 . . . Processor 8 | . . . . . . . . . 1 1 . . 4 . 2 . . . . . . . . . Hackware 2 | . . . . . . . . . . . . . . . . . . . . 2 . . . . Protection 37 | . . . 1 1 . . 2 . 1 6 3 3 1 1 3 1 . . 1 8 2 3 . . Artifact . | . . . . . . . . . . . . . . . . . . . . . . . . . Weapon 132 | . 6 2 2 . . . 14 3 7 14 3 2 8 5 16 3 . 5 3 25 9 3 1 1 Energy Gun 6 | . . . . . . . . . . . . . . 1 1 . . . . 3 1 . . . Energy Cannon 17 | . . . . . . . . 1 1 1 . 1 . 1 4 . . 1 1 6 . . . . Ballistic Gun 64 | . 4 . 2 . . . 8 . 5 6 1 . 3 3 6 2 . 3 2 11 4 3 1 . Ballistic Cannon 18 | . 2 . . . . . 2 2 . 3 2 . 3 . . . . . . 2 2 . . . Launcher 14 | . . 2 . . . . 1 . . 1 . 1 2 . . 1 . 1 . 3 2 . . . Special Weapon . | . . . . . . . . . . . . . . . . . . . . . . . . . Impact Weapon 12 | . . . . . . . 3 . 1 3 . . . . 5 . . . . . . . . . Slashing Weapon . | . . . . . . . . . . . . . . . . . . . . . . . . . Piercing Weapon 1 | . . . . . . . . . . . . . . . . . . . . . . . . 1 Special Melee Weapon . | . . . . . . . . . . . . . . . . . . . . . . . . . Unidentified Prototypes 12 | . . . . . . . 2 . . 1 1 . 3 . 1 1 . . . 1 . 2 . . Corrupted Parts 3 | . . . . . . . . . . . . . . . . . . . . . 2 1 . . System Corruption 18 | . . . . . . . . . . . . . . . . . . . . . 8 10 . . Parts Lost 59 | . 1 . . . . . 2 2 2 8 3 2 . . 3 . . . 1 23 10 . 1 1 Power 5 | . 1 . . . . . . . 1 . . 1 . . 1 . . . . 1 . . . . Propulsion 16 | . . . . . . . 1 2 . 3 1 . . . 1 . . . . 5 3 . . . Utility 14 | . . . . . . . . . . . 1 1 . . 1 . . . . 9 2 . . . Weapon 24 | . . . . . . . 1 . 1 5 1 . . . . . . . 1 8 5 . 1 1 Highest Loss Streak 10 | . 1 . . . . . 1 1 1 6 2 2 . . 1 . . . 1 6 10 . 1 1 To Critical Strikes 1 | . . . . . . . . . . . . . . . . . . . . 1 . . . . Average Slot Usage (%) 95 | . 86 100 84 100 100 100 99 99 99 99 96 92 85 92 97 99 100 77 100 96 99 95 48 2 Engine 6 | . 13 14 11 11 11 11 9 9 9 7 7 7 7 7 6 6 6 6 6 3 . . . . Treads 21 | . . . . . . . 24 26 27 29 27 23 23 23 24 26 26 26 26 22 22 18 8 . Leg 2 | . 28 28 17 11 11 11 1 . . . . . . . . . . . . . . . . . Wheel 1 | . . . 10 22 22 22 . . . . . . . . . . . . . . . . . . Device 9 | . 1 14 11 11 11 11 9 9 6 3 6 6 7 6 7 11 6 6 7 15 18 13 5 . Storage 7 | . 14 14 11 11 11 11 9 9 9 7 7 7 7 7 6 6 6 6 6 5 11 5 2 . Processor 8 | . . . . . . . . . 2 13 9 7 7 7 15 20 20 20 20 13 11 11 5 . Protection 6 | . . . 2 11 11 11 9 9 9 4 5 7 6 7 8 1 6 6 4 7 3 14 8 . Energy Cannon 2 | . . . . . . . . 7 5 1 . . . 2 1 6 6 . 6 4 3 . . . Ballistic Gun 17 | . 19 . 11 22 22 22 33 14 17 22 16 15 12 18 21 19 20 3 15 15 4 22 13 . Ballistic Cannon 4 | . 8 2 . . . . . 14 12 1 12 10 10 4 . . . . . . 8 . . . Launcher 1 | . . 25 11 . . . . . . . . 3 . 1 . . . . 3 . 2 . . . Naked Turns 86 | . . . . . . . . . . . . . . . . . . . . . . . 17 69 Heaviest Build 158 | 10 54 54 57 57 57 57 66 76 121 117 115 120 124 124 121 127 124 127 131 157 158 147 147 3 Greatest Support 126 | 20 20 20 20 20 20 20 70 76 78 107 107 84 84 84 116 116 116 116 116 116 102 126 126 3 Greatest Overweight (x) 6 | . 2 2 2 2 2 2 6 1 1 2 4 1 1 1 1 1 1 1 1 1 1 1 1 . Average Overweight (x) . | . . 2 2 2 2 2 . . . . 1 1 1 1 . 1 1 . 1 1 1 1 . . Largest Inventory Capacity 25 | . 20 20 20 20 20 20 20 20 25 25 25 25 25 25 25 25 25 25 25 25 25 25 25 5 Average Capacity 23 | . 14 20 20 20 20 20 20 20 22 25 25 25 25 25 25 25 25 25 25 25 25 25 15 5 Most Carried 25 | . 20 20 20 20 20 20 20 20 25 25 22 21 25 25 25 25 25 25 25 25 25 25 25 5 Average Carried 21 | . 13 19 19 19 19 20 19 19 21 23 21 20 23 25 24 24 25 25 24 22 20 24 15 5 Final Capacity 25 | 8 20 20 20 20 20 20 20 20 25 25 25 25 25 25 25 25 25 25 25 25 25 25 5 5 Final Carried 25 | 6 20 20 18 20 20 20 20 18 25 21 21 19 25 25 25 25 25 25 24 11 22 25 5 5 Class Distribution -------------------- 48% | Skirmisher 10% | Scavenger-Skirmisher 8% | Mutant 7% | Tank 7% | Scavenger-Mutant 5% | Scavenger-Tank 4% | Derelict-Skirmisher Dominant Class ---------------- Scavenger-Mutant | -10/Materials Scavenger-Mutant | -10/Mines Scavenger-Mutant | -9/Materials Scavenger-Mutant | -9/Mines Mutant | -9/Exiles Mutant | -8/Mines Skirmisher | -8/Materials Skirmisher | -8/Garrison Skirmisher | -8/Materials Skirmisher | -7/Factory Skirmisher | -7/Lower Caves Skirmisher | -7/Lower Caves Skirmisher | -7/Zion Skirmisher | -6/Proximity Caves Skirmisher | -6/Factory Skirmisher | -6/Lower Caves Derelict-Skirmisher | -6/Lower Caves Mutant | -6/Data Miner Skirmisher | -5/Proximity Caves Skirmisher | -5/Factory Scavenger-Tank | -5/Extension Scavenger-Tank | -5/Cetus Scavenger-Tank | -5/Archives Mutant | -5/Hub_04(d) Resources | -11 -10 -10 -9 -9 -9 -8 -8 -8 -8 -7 -7 -7 -7 -6 -6 -6 -6 -6 -5 -5 -5 -5 -5 -5 ----------- Run | Yrd Mat Min Mat Min Exi Min Mat Gar Mat Fac Low Low Zio Pro Fac Low Low Dat Pro Fac Ext Cet Arc Hub Matter Collected 11352 | 200 480 . 175 82 . 40 1086 832 651 1289 334 115 297 218 1043 306 14 . 650 1863 1235 442 . . Remotely 1081 | . . . . . . . . . . . . . . . . 124 . . . 957 . . . . Salvage Created 12008 | . 633 . 49 113 . 97 1219 877 797 1188 277 243 . 41 1008 218 . . 406 3102 1381 359 . . Parts 593 | . 47 . 3 6 . 10 71 39 48 67 8 6 . . 49 3 . . 11 159 52 14 . . Haulers Intercepted 11 | . 2 . . . . . 4 . 2 . . . . . . 1 . . . . 2 . . . Recyclers Shooed 7 | . 1 . . . . . . . . 2 . . . . 1 . . . . 2 1 . . . Parts Field Recycled . | . . . . . . . . . . . . . . . . . . . . . . . . . Retrieved Matter . | . . . . . . . . . . . . . . . . . . . . . . . . . Parts Self-Destructed 31 | . . . . . . . . . . . 4 11 2 . . 1 . . 13 . . . . . Prevented 2 | . . . . . . . . . . . . . . 2 . . . . . . . . . . Kills | -11 -10 -10 -9 -9 -9 -8 -8 -8 -8 -7 -7 -7 -7 -6 -6 -6 -6 -6 -5 -5 -5 -5 -5 -5 ------- Run | Yrd Mat Min Mat Min Exi Min Mat Gar Mat Fac Low Low Zio Pro Fac Low Low Dat Pro Fac Ext Cet Arc Hub Combat Hostiles Destroyed 236 | . 15 . 1 5 . 3 19 27 14 17 5 10 . 1 16 5 . . 10 63 19 6 . . Melee 3 | . . . . . . . . . . . . . . . 1 . . . . 1 1 . . . Guns 116 | . 12 . 1 5 . 3 15 11 6 10 1 1 . . 13 . . . 4 25 3 6 . . Cannons 55 | . 3 . . . . . 1 16 8 7 4 1 . 1 2 . . . . 5 7 . . . AOE 60 | . . . . . . . 3 . . . . 8 . . . 5 . . 6 31 7 . . . Classes Destroyed 19 | . 6 . 1 . . . 4 2 . 1 . . . . . . . . 1 4 . . . . Worker 17 | . . . . . . . 2 . 1 4 . . . . 1 . . . . 6 3 . . . Builder 16 | . . . . . . . 1 . 1 2 . . . . . . . . . 10 2 . . . Tunneler 4 | . . . . . . . 2 . . . . . . . 1 . . . . 1 . . . . Hauler 11 | . 2 . . . . . 4 . 2 . . . . . . 1 . . . . 2 . . . Recycler 15 | . 1 . . . . 1 2 . . 5 . . . . 2 . . . . 3 1 . . . Mechanic 1 | . . . . . . . . . . . . . . . . . . . . 1 . . . . Operator 1 | . 1 . . . . . . . . . . . . . . . . . . . . . . . Drone 1 | . . . . . . . . . . . . . . . . . . . 1 . . . . . Watcher 9 | . 2 . . . . . 3 . 1 1 . . . . . . . . . 2 . . . . Swarmer 35 | . 6 . . 3 . 3 3 6 . 3 . . . . 3 . . . . 4 4 . . . Saboteur 1 | . . . . . . . . . . . . . . . . . . . . 1 . . . . Grunt 103 | . 9 . . 2 . . 8 12 7 5 . 4 . 1 7 5 . . 9 21 12 1 . . Brawler 6 | . . . . . . . . 2 . 1 . 1 . . . . . . . 2 . . . . Duelist 6 | . . . . . . . . 1 . 1 . 3 . . . . . . . . . 1 . . Sentry 33 | . . . 1 . . . 6 6 6 3 . 1 . . 1 . . . . 6 3 . . . Demolisher 1 | . . . . . . . . . . . . . . . . . . . . 1 . . . . Hunter 11 | . . . . . . . 2 . 1 1 . . . . 1 . . . . 6 . . . . Programmer 19 | . . . . . . . . . . 3 1 1 . . 4 . . . . 8 . 2 . . Cetus Guard 1 | . . . . . . . . . . . . . . . . . . . . . . 1 . . Packrat 1 | . . . . . . . . . . . 1 . . . . . . . . . . . . . Assembled 14 | . . . . . . . . . . . . . . . . . . . . 14 . . . . Thug 1 | . . . . . . . . . . . 1 . . . . . . . . . . . . . Savage 2 | . . . . . . . . . . . . . . . . . . . . . 2 . . . Butcher 4 | . . . . . . . . . . . 3 . . . . . . . . . . 1 . . Best Kill Streak 18 | . 4 . 1 3 . 4 6 5 4 7 2 9 . 1 2 6 . . 5 18 9 5 . . Combat Bots Only 14 | . 4 . 1 3 . 3 4 5 3 4 2 9 . 1 2 5 . . 5 14 7 5 . . Max Kills in Single Turn 6 | . 2 . 1 1 . 1 3 1 1 2 1 5 . 1 1 3 . . 3 6 5 2 . . Gunslinging 1 | . . . . . . . . . . . . . . . . . . . . . . 1 . . Exploded 5 | . . . . . . . 2 . . . . 5 . . . 3 . . 3 4 4 . . . Melee 1 | . . . . . . . . . . . . . . . 1 . . . . 1 1 . . . Uniques/NPCs Destroyed . | . . . . . . . . . . . . . . . . . . . . . . . . . Combat | -11 -10 -10 -9 -9 -9 -8 -8 -8 -8 -7 -7 -7 -7 -6 -6 -6 -6 -6 -5 -5 -5 -5 -5 -5 -------- Run | Yrd Mat Min Mat Min Exi Min Mat Gar Mat Fac Low Low Zio Pro Fac Low Low Dat Pro Fac Ext Cet Arc Hub Hostile Shots Fired 1213 | . 90 . 10 22 . 6 67 81 27 207 23 20 . 14 127 3 . . 25 309 108 37 27 10 Missed 319 | . 16 . 1 8 . 2 17 20 3 66 3 8 . 3 31 1 . . 2 74 41 12 8 3 Damage Taken 15406 | . 753 . 158 159 . 32 772 974 372 1664 595 290 . 198 1162 37 . . 461 4872 1317 561 560 469 Core 1769 | . 105 . 14 26 . . 83 108 33 146 104 23 . . 96 . . . 18 224 27 29 314 419 Absorbed by Shields 1041 | . . . . . . . . . . . . . . 15 173 . . . . 556 195 102 . . Ignored by Resistances 299 | . . . . . . . . . . . . . . . . . . . . . 236 23 40 . Regen/Repaired (Parts) 285 | . . . . . . . . . . . . . 139 . 146 . . . . . . . . . Core Remaining (%) 75 | 100 . 58 . . . 90 . . 59 . . . . 61 . . . . 86 . . . . . Volleys Fired 636 | . 90 . 3 9 . 5 52 56 34 69 12 11 . 24 56 3 . . 14 132 49 13 4 . Largest 4 | . 2 . 2 2 . 2 4 4 4 4 4 3 . 4 4 1 . . 4 4 4 4 1 . Hottest 261 | . 78 . 46 46 . 46 117 176 178 148 152 104 . 170 155 90 . . 180 254 261 132 33 . Shots Fired 1749 | . 180 . 6 18 . 10 194 192 106 197 37 20 . 33 168 4 2 . 37 328 165 48 4 . Gun 1212 | . 170 . 6 18 . 10 184 96 61 159 20 8 . 6 135 1 2 . 23 223 38 48 4 . Cannon 492 | . 10 . . . . . 7 96 45 38 17 8 . 27 33 1 . . 10 77 123 . . . Launcher 45 | . . . . . . . 3 . . . . 4 . . . 2 . . 4 28 4 . . . Special . | . . . . . . . . . . . . . . . . . . . . . . . . . Kinetic 1466 | . 180 . 6 18 . 10 191 172 91 186 37 13 . 12 135 1 2 . 23 208 129 48 4 . Thermal 238 | . . . . . . . . 20 15 11 . 3 . 21 33 1 . . 10 92 32 . . . Explosive 45 | . . . . . . . 3 . . . . 4 . . . 2 . . 4 28 4 . . . Electromagnetic . | . . . . . . . . . . . . . . . . . . . . . . . . . Robot Hit Streak 17 | . 14 . 4 7 . 7 7 11 15 15 17 14 . 6 9 10 . . 6 16 13 14 7 . Robot Miss Streak 11 | . 4 . 2 2 . 3 5 10 3 4 3 3 . 4 5 2 3 . 4 6 11 5 1 . Penetration Max 2 | . . . . . . . . . . 1 1 . . . 1 . . . . 2 1 1 . . Secondary Targets 8 | . . . . . . . . 2 . . . . . . . . . . . 3 . 3 . . Max Gunslinging Chain 1 | . . . . . . . . 1 . . . . . . . . . . . 1 . 1 . . Shots Hit Robots 1034 | . 101 . 4 17 . 6 118 123 61 130 24 12 . 8 100 2 . . 25 187 79 34 3 . Core Hits 742 | . 41 1 3 7 . 5 71 88 44 64 14 44 . 8 51 26 . . 33 179 46 15 1 1 Critical Kills 30 | . 1 . . . . . . . . . 1 . . . 4 . . . 2 9 13 . . . Critical Parts Destroyed 46 | . 1 . . . . . . . 1 1 . . . 2 3 . . . . 14 20 4 . . Critical Strikes 83 | . 2 . . . . . . . 1 2 1 . . 2 7 . . . 2 24 38 4 . . Meltdown 2 | . . . . . . . . . . . . . . . . . . . . 1 1 . . . Destroy 79 | . 2 . . . . . . . 1 1 1 . . 2 6 . . . 2 23 37 4 . . Blast 1 | . . . . . . . . . . 1 . . . . . . . . . . . . . . Smash 1 | . . . . . . . . . . . . . . . 1 . . . . . . . . . Melee Attacks 46 | . . . . . . . 7 . 2 9 . . . . 26 . . . . . . . . 2 Impact 44 | . . . . . . . 7 . 2 9 . . . . 26 . . . . . . . . . Slashing . | . . . . . . . . . . . . . . . . . . . . . . . . . Piercing 2 | . . . . . . . . . . . . . . . . . . . . . . . . 2 Sneak Attacks 7 | . . . . . . . 1 . . . . . . . 6 . . . . . . . . . Combat Hostiles . | . . . . . . . . . . . . . . . . . . . . . . . . . Follow-up Attacks . | . . . . . . . . . . . . . . . . . . . . . . . . . Damage Inflicted 30430 | . 993 17 58 254 . 104 2481 2179 1302 2763 793 1340 . 161 2461 850 . . 1020 8400 3925 1174 77 78 Guns 14302 | . 764 . 58 254 . 104 1850 957 607 2086 409 120 . 64 1517 . . . 210 3498 553 1174 77 . Cannons 7028 | . 175 . . . . . 61 1222 651 644 384 70 . 97 280 . . . 162 1083 2199 . . . Explosions 8040 | . . . . . . . 481 . . . . 1150 . . . 850 . . 648 3762 1088 . . 61 Melee 731 | . . . . . . . 72 . . . . . . . 659 . . . . . . . . . Ramming 329 | . 54 17 . . . . 17 . 44 33 . . . . 5 . . . . 57 85 . . 17 Kinetic 18002 | . 939 . 58 254 . 104 1911 1820 951 2695 793 190 . 107 1517 . . . 210 3140 2062 1174 77 . Thermal 3328 | . . . . . . . . 359 307 35 . . . 54 280 . . . 162 1441 690 . . . Explosive 7859 | . . . . . . . 361 . . . . 1150 . . . 850 . . 648 3762 1088 . . . Electromagnetic 181 | . . . . . . . 120 . . . . . . . . . . . . . . . . 61 Impact 731 | . . . . . . . 72 . . . . . . . 659 . . . . . . . . . Slashing . | . . . . . . . . . . . . . . . . . . . . . . . . . Piercing . | . . . . . . . . . . . . . . . . . . . . . . . . . Highest Corruption 54 | . 1 1 . . . . . . 2 5 5 5 5 . 5 5 5 5 5 27 35 48 48 54 Average Corruption 11 | . 1 1 . . . . . . 1 3 5 5 5 . 4 5 5 5 5 14 28 42 48 49 Corruption Purged . | . . . . . . . . . . . . . . . . . . . . . . . . . Corruption Blocked . | . . . . . . . . . . . . . . . . . . . . . . . . . Effects 421 | . 3 2 . . . . . . 1 31 21 20 2 . 39 23 13 2 22 92 114 20 5 11 Message Errors 106 | . . 1 . . . . . . . 6 6 4 . . 11 4 2 2 7 23 30 8 1 1 Matter Fused 106 | . 1 . . . . . . . . 11 5 6 . . 13 5 3 . 5 26 26 2 1 2 Heat Flow Errors 44 | . 1 1 . . . . . . . 2 3 3 1 . 3 5 2 . 1 6 11 4 1 . Energy Discharges 34 | . . . . . . . . . . 2 1 3 1 . 5 2 2 . 3 4 8 1 1 1 Parts Rejected 7 | . . . . . . . . . . . . . . . . . . . 1 2 4 . . . Parts Fused 1 | . . . . . . . . . . . . . . . . . . . . . 1 . . . Data Loss (minor) 43 | . 1 . . . . . . . 1 4 4 2 . . 3 4 1 . 2 8 11 . 1 1 Data Loss (major) 13 | . . . . . . . . . . 1 . 1 . . 1 1 1 . 1 5 2 . . . Misfires 16 | . . . . . . . . . . 3 . 1 . . 1 1 2 . 1 2 5 . . . Alerts 14 | . . . . . . . . . . 1 1 . . . 2 1 . . 1 3 3 1 . 1 Misdirections 8 | . . . . . . . . . . . . . . . . . . . . 2 1 . . 5 Weapon Failures 29 | . . . . . . . . . . 1 1 . . . . . . . . 11 12 4 . . Overload Shots . | . . . . . . . . . . . . . . . . . . . . . . . . . Overflow Damage 436 | . . . . . . . 54 . 2 1 . . . . 222 . . . . 133 24 . . . Projectiles 65 | . . . . . . . . . . 1 . . . . 41 . . . . 11 12 . . . Explosions 124 | . . . . . . . 2 . . . . . . . . . . . . 122 . . . . Melee 247 | . . . . . . . 52 . 2 . . . . . 181 . . . . . 12 . . . Knockbacks 45 | . 3 . . . . . 2 5 5 18 3 . . 1 2 . . . . 1 5 . . . Impact 5 | . . . . . . . 2 . . . . . . . 2 . . . . 1 . . . . Kinetic 38 | . 3 . . . . . . 5 5 16 3 . . 1 . . . . . . 5 . . . Secondary 2 | . . . . . . . . . . 2 . . . . . . . . . . . . . . Self-Inflicted Damage 491 | . . . . . . . . . . . . 28 . . . . . . 20 320 . . . 123 Shots 15 | . . . . . . . . . . . . 2 . . . . . . 1 11 . . . 1 Rammed 24 | . . . . . . . 3 . 5 3 . . . . 1 . . . . 7 4 . . 1 Targets Rammed 40 | . 8 2 . . . . 4 . 6 5 . . . . 1 . . . . 8 5 . . 1 Kicked 10 | . 8 2 . . . . . . . . . . . . . . . . . . . . . . Crushed 6 | . . . . . . . 1 . 1 2 . . . . . . . . . 1 1 . . . Highest Temperature 416 | . 114 165 . 1 . . 119 416 415 329 232 268 133 296 382 265 245 . 324 353 286 285 154 . Average Temperature 90 | . 31 92 . 1 . . 39 109 113 84 107 59 70 80 91 116 112 . 119 117 71 130 88 . Received Heat Transfer 3616 | . 312 . 45 78 . . 315 396 198 291 54 81 . 54 320 18 . . 201 721 330 22 171 9 Effects 7 | . . . . . . . . 2 1 . . . . . 2 . . . . 1 1 . . . Energy Bleed 6 | . . . . . . . . 1 1 . . . . . 2 . . . . 1 1 . . . Matter Decay 1 | . . . . . . . . 1 . . . . . . . . . . . . . . . . Siege Activations . | . . . . . . . . . . . . . . . . . . . . . . . . . Robots Corrupted . | . . . . . . . . . . . . . . . . . . . . . . . . . Combat Hostiles . | . . . . . . . . . . . . . . . . . . . . . . . . . Parts Fried 4 | . . . . . . . 1 . . . . . . . 3 . . . . . . . . . Impact Corruptions 10 | . . . . . . . 2 . 2 . . . . . 4 . . . . . 2 . . . Robots Melted 2 | . . . . . . . . . . . . . . . . . . . . 1 1 . . . Combat Hostiles 2 | . . . . . . . . . . . . . . . . . . . . 1 1 . . . Parts Melted 9 | . . . . . . . . . 1 . . . . . . . . . . 7 1 . . . Heat Transferred 4862 | . . . . . . . . 481 407 37 . . . 74 370 . . . 250 2168 1075 . . . Parts Sabotaged . | . . . . . . . . . . . . . . . . . . . . . . . . . Parts Stolen . | . . . . . . . . . . . . . . . . . . . . . . . . . Parts Stripped . | . . . . . . . . . . . . . . . . . . . . . . . . . Power Chain Reactions . | . . . . . . . . . . . . . . . . . . . . . . . . . Alert | -11 -10 -10 -9 -9 -9 -8 -8 -8 -8 -7 -7 -7 -7 -6 -6 -6 -6 -6 -5 -5 -5 -5 -5 -5 ------- Run | Yrd Mat Min Mat Min Exi Min Mat Gar Mat Fac Low Low Zio Pro Fac Low Low Dat Pro Fac Ext Cet Arc Hub Peak Influence 1263 | . 182 12 208 219 . 75 331 940 595 274 . . . . 360 . . . . 1263 880 695 308 611 Initial 618 | . . 12 . 81 . . 29 140 458 270 . . . . 31 . . . . 300 618 463 278 104 Average 317 | . 72 10 69 157 . 45 184 554 497 140 . . . . 150 . . . . 445 683 593 281 291 Maximum Alert Level 4 | . . . 1 1 . . 1 3 2 1 . . . . 1 . . . . 4 3 2 1 2 Low Security (%) 39 | . 100 100 87 40 . 100 58 6 . 62 . . . . 69 . . . . 4 . . . 51 Level 1 31 | . . . 12 59 . . 41 33 1 37 . . . . 30 . . . . 71 . . 100 17 Level 2 16 | . . . . . . . . 17 98 . . . . . . . . . . 4 44 100 . 30 Level 3 11 | . . . . . . . . 42 . . . . . . . . . . . 11 55 . . . Level 4 1 | . . . . . . . . . . . . . . . . . . . . 7 . . . . Level 5 . | . . . . . . . . . . . . . . . . . . . . . . . . . High Security . | . . . . . . . . . . . . . . . . . . . . . . . . . Max Security . | . . . . . . . . . . . . . . . . . . . . . . . . . Squads Dispatched 50 | . 6 . 2 . . . 4 . 2 6 . 1 . . 7 . . . . 17 3 . . 2 Investigation 12 | . 4 . . . . . 2 . 1 . . . . . 3 . . . . 1 . . . 1 Extermination 9 | . . . . . . . . . . 2 . . . . 3 . . . . 4 . . . . Reinforcement 17 | . 2 . 2 . . . 2 . 1 1 . . . . 1 . . . . 6 1 . . 1 Assault 6 | . . . . . . . . . . . . 1 . . . . . . . 3 2 . . . Garrison 6 | . . . . . . . . . . 3 . . . . . . . . . 3 . . . . Intercept . | . . . . . . . . . . . . . . . . . . . . . . . . . Searches Triggered . | . . . . . . . . . . . . . . . . . . . . . . . . . Construction Impeded 6 | . . . . . . . . . . 1 . . . . . . . . . 5 . . . . Haulers Reinforced . | . . . . . . . . . . . . . . . . . . . . . . . . . Active Scanning Responses . | . . . . . . . . . . . . . . . . . . . . . . . . . Cargo Convoy Interrupts . | . . . . . . . . . . . . . . . . . . . . . . . . . Stealth | -11 -10 -10 -9 -9 -9 -8 -8 -8 -8 -7 -7 -7 -7 -6 -6 -6 -6 -6 -5 -5 -5 -5 -5 -5 --------- Run | Yrd Mat Min Mat Min Exi Min Mat Gar Mat Fac Low Low Zio Pro Fac Low Low Dat Pro Fac Ext Cet Arc Hub Distress Signals 16 | . 1 . . . . . 6 . 2 . . . . . 1 . . . . 2 3 1 . . Communications Jammed . | . . . . . . . . . . . . . . . . . . . . . . . . . Distress Signals . | . . . . . . . . . . . . . . . . . . . . . . . . . Times Spotted 368 | . 25 . 7 9 . 3 34 29 22 18 5 10 . 9 25 5 . . 10 78 43 13 10 13 Peak Tracking Total 14 | . 3 . 3 6 . 3 5 4 4 4 4 14 . 5 4 5 . . 5 7 6 5 7 8 Tactical Retreats 29 | . . . . . . . 1 2 1 . . 2 . 6 6 . . . . 4 3 . 1 3 Traps | -11 -10 -10 -9 -9 -9 -8 -8 -8 -8 -7 -7 -7 -7 -6 -6 -6 -6 -6 -5 -5 -5 -5 -5 -5 ------- Run | Yrd Mat Min Mat Min Exi Min Mat Gar Mat Fac Low Low Zio Pro Fac Low Low Dat Pro Fac Ext Cet Arc Hub Traps Triggered 18 | . 2 . . . . . . 8 2 . . . . . 2 . . . . . 3 . . 1 Indirectly . | . . . . . . . . . . . . . . . . . . . . . . . . . Trap Hack Attempts . | . . . . . . . . . . . . . . . . . . . . . . . . . Triggered . | . . . . . . . . . . . . . . . . . . . . . . . . . Disarmed . | . . . . . . . . . . . . . . . . . . . . . . . . . Reprogrammed . | . . . . . . . . . . . . . . . . . . . . . . . . . Reused . | . . . . . . . . . . . . . . . . . . . . . . . . . Traps Extracted . | . . . . . . . . . . . . . . . . . . . . . . . . . Installed . | . . . . . . . . . . . . . . . . . . . . . . . . . Triggered 4 | . . . . . . . . . . . . . . 1 . . . . 3 . . . . . Machines | -11 -10 -10 -9 -9 -9 -8 -8 -8 -8 -7 -7 -7 -7 -6 -6 -6 -6 -6 -5 -5 -5 -5 -5 -5 ---------- Run | Yrd Mat Min Mat Min Exi Min Mat Gar Mat Fac Low Low Zio Pro Fac Low Low Dat Pro Fac Ext Cet Arc Hub Machines Disabled 35 | . . . . . . . 3 2 . 3 . 1 . . 1 . . . . 11 2 1 . 11 Max in Single Turn 10 | . . . . . . . 2 1 . 1 . 1 . . 1 . . . . 4 1 . . 10 Garrison Access 2 | . . . . . . . . . . 1 . . . . . . . . . 1 . . . . Garrison Relay 2 | . . . . . . . . 2 . . . . . . . . . . . . . . . . Network Hub 2 | . . . . . . . . . . . . . . . . . . . . . . . . 2 Machines Repaired . | . . . . . . . . . . . . . . . . . . . . . . . . . Machines Dismantled . | . . . . . . . . . . . . . . . . . . . . . . . . . Machines Sabotaged 1 | . . . . . . . . . . . . . . . . . . . . . . . . 1 Overloaded Fab Kills . | . . . . . . . . . . . . . . . . . . . . . . . . . Hacking | -11 -10 -10 -9 -9 -9 -8 -8 -8 -8 -7 -7 -7 -7 -6 -6 -6 -6 -6 -5 -5 -5 -5 -5 -5 --------- Run | Yrd Mat Min Mat Min Exi Min Mat Gar Mat Fac Low Low Zio Pro Fac Low Low Dat Pro Fac Ext Cet Arc Hub Machines Accessed 53 | . 5 . 3 1 1 . 9 . 5 8 1 . 1 . 5 . . 3 . 5 4 . 1 1 Terminals 32 | . 3 . 3 . . . 6 . 4 5 1 . . . 4 . . . . 1 4 . . 1 Fabricators 3 | . . . . . . . . . . 1 . . . . . . . . . 2 . . . . Repair Stations 1 | . . . . . . . . . . . . . . . 1 . . . . . . . . . Recycling Units 5 | . 2 . . . . . 2 . 1 . . . . . . . . . . . . . . . Scanalyzers 1 | . . . . . . . . . . 1 . . . . . . . . . . . . . . Garrison Access 4 | . . . . . . . 1 . . 1 . . . . . . . . . 2 . . . . Total Hacks 170 | . 14 . 14 1 1 . 19 . 11 18 1 . 5 . 14 . . 23 . 16 5 . 25 3 Successful 108 | . 6 . 7 1 1 . 9 . 6 9 1 . 5 . 5 . . 23 . 7 1 . 25 2 Failed 61 | . 8 . 7 . . . 10 . 4 9 . . . . 9 . . . . 9 4 . . 1 Catastrophic 13 | . 1 . 1 . . . . . . 3 . . . . 2 . . . . 3 3 . . . Database Lockouts 1 | . . . . . . . . . 1 . . . . . . . . . . . . . . . Manual 82 | . 15 . 9 . 1 . 14 . 12 8 . . . . 8 . . . . 8 3 1 . 3 Terminals 88 | . 12 . 14 . . . 15 . 10 13 1 . . . 10 . . . . 5 5 . . 3 Fabricators 8 | . . . . . . . . . . 2 . . . . . . . . . 6 . . . . Repair Stations 4 | . . . . . . . . . . . . . . . 4 . . . . . . . . . Recycling Units 5 | . 2 . . . . . 2 . 1 . . . . . . . . . . . . . . . Scanalyzers 2 | . . . . . . . . . . 2 . . . . . . . . . . . . . . Garrison Access 8 | . . . . . . . 2 . . 1 . . . . . . . . . 5 . . . . Terminal Hacks 73 | . 2 . 4 1 1 . 2 . 1 4 1 . 5 . . . . 23 . 3 1 . 25 . Record 32 | . . . . . . . . . . . 1 . . . . . . 6 . . . . 25 . Part Schematic 16 | . . . . . . . . . 1 . . . 5 . . . . 10 . . . . . . Robot Schematic 4 | . . . . . . . . . . . . . . . . . . 4 . . . . . . Robot Analysis 4 | . 2 . 1 . . . 1 . . . . . . . . . . . . . . . . . Prototype ID Bank 3 | . . . . . . . . . . . . . . . . . . 3 . . . . . . Open Door 1 | . . . . 1 . . . . . . . . . . . . . . . . . . . . Branch Access Points 3 | . . . 1 . . . . . . 1 . . . . . . . . . 1 . . . . Emergency Access Points 1 | . . . . . . . . . . 1 . . . . . . . . . . . . . . Terminal Index 1 | . . . 1 . . . . . . . . . . . . . . . . . . . . . Alert Level 2 | . . . 1 . . . . . . 1 . . . . . . . . . . . . . . Unreport Threat 4 | . . . . . . . 1 . . . . . . . . . . . . 2 1 . . . Locate Traps 1 | . . . . . . . . . . 1 . . . . . . . . . . . . . . Derelict Proto ID Bank 1 | . . . . . 1 . . . . . . . . . . . . . . . . . . . Fabricator Hacks 3 | . . . . . . . . . . 1 . . . . . . . . . 2 . . . . Network Status 2 | . . . . . . . . . . . . . . . . . . . . 2 . . . . Load Schematic 1 | . . . . . . . . . . 1 . . . . . . . . . . . . . . Repair Station Hacks 3 | . . . . . . . . . . . . . . . 3 . . . . . . . . . Scan Component 2 | . . . . . . . . . . . . . . . 2 . . . . . . . . . Repair 1 | . . . . . . . . . . . . . . . 1 . . . . . . . . . Recycling Unit Hacks . | . . . . . . . . . . . . . . . . . . . . . . . . . Scanalyzer 1 | . . . . . . . . . . 1 . . . . . . . . . . . . . . Insert Component 1 | . . . . . . . . . . 1 . . . . . . . . . . . . . . Garrison Access Hacks 2 | . . . . . . . 1 . . 1 . . . . . . . . . . . . . . Unlock Access 1 | . . . . . . . 1 . . . . . . . . . . . . . . . . . Seal Access 1 | . . . . . . . . . . 1 . . . . . . . . . . . . . . Unauthorized Hacks 26 | . 4 . 3 . . . 6 . 5 2 . . . . 2 . . . . 2 . . . 2 Terminals 19 | . 2 . 3 . . . 4 . 4 2 . . . . 2 . . . . . . . . 2 Assimilate 2 | . . . . . . . . . 1 . . . . . . . . . . . . . . 1 Botnet 16 | . 2 . 3 . . . 4 . 3 2 . . . . 2 . . . . . . . . . Sabotage 1 | . . . . . . . . . . . . . . . . . . . . . . . . 1 Fabricators 1 | . . . . . . . . . . . . . . . . . . . . 1 . . . . Fabnet 1 | . . . . . . . . . . . . . . . . . . . . 1 . . . . Repair Stations . | . . . . . . . . . . . . . . . . . . . . . . . . . Recycling Units 5 | . 2 . . . . . 2 . 1 . . . . . . . . . . . . . . . Tunnel 5 | . 2 . . . . . 2 . 1 . . . . . . . . . . . . . . . Scanalyzers . | . . . . . . . . . . . . . . . . . . . . . . . . . Garrison Access 1 | . . . . . . . . . . . . . . . . . . . . 1 . . . . Jam 1 | . . . . . . . . . . . . . . . . . . . . 1 . . . . Data Cores Recovered . | . . . . . . . . . . . . . . . . . . . . . . . . . Used . | . . . . . . . . . . . . . . . . . . . . . . . . . Hacking Detections 34 | . 3 . 3 . . . 6 . 2 6 1 . . . 5 . . . . 3 4 . . 1 Full Trace Events 3 | . 1 . . . . . . . . . . . . . 2 . . . . . . . . . Feedback Events 2 | . 1 . . . . . . . . . . . . . 1 . . . . . . . . . Corruption 2 | . 1 . . . . . . . . . . . . . 1 . . . . . . . . . Feedback Blocked . | . . . . . . . . . . . . . . . . . . . . . . . . . Robot Schematics Acquired 4 | . . . . . . . . . . . . . . . . . . 4 . . . . . . Robots Built . | . . . . . . . . . . . . . . . . . . . . . . . . . Authchips . | . . . . . . . . . . . . . . . . . . . . . . . . . Time . | . . . . . . . . . . . . . . . . . . . . . . . . . Total Robot Build Rating . | . . . . . . . . . . . . . . . . . . . . . . . . . Part Schematics Acquired 16 | . . . . . . . . . 1 . . . 5 . . . . 10 . . . . . . Parts Built . | . . . . . . . . . . . . . . . . . . . . . . . . . Authchips . | . . . . . . . . . . . . . . . . . . . . . . . . . Time . | . . . . . . . . . . . . . . . . . . . . . . . . . Total Part Build Rating . | . . . . . . . . . . . . . . . . . . . . . . . . . Parts Repaired 1 | . . . . . . . . . . . . . . . 1 . . . . . . . . . Time 22 | . . . . . . . . . . . . . . . 22 . . . . . . . . . Parts Recycled . | . . . . . . . . . . . . . . . . . . . . . . . . . Recycled Matter . | . . . . . . . . . . . . . . . . . . . . . . . . . Retrieved Matter . | . . . . . . . . . . . . . . . . . . . . . . . . . Retrieved Components . | . . . . . . . . . . . . . . . . . . . . . . . . . Parts Scanalyzed 1 | . . . . . . . . . . 1 . . . . . . . . . . . . . . Part Schematics Acquired . | . . . . . . . . . . . . . . . . . . . . . . . . . Parts Damaged . | . . . . . . . . . . . . . . . . . . . . . . . . . Bothacking | -11 -10 -10 -9 -9 -9 -8 -8 -8 -8 -7 -7 -7 -7 -6 -6 -6 -6 -6 -5 -5 -5 -5 -5 -5 ------------ Run | Yrd Mat Min Mat Min Exi Min Mat Gar Mat Fac Low Low Zio Pro Fac Low Low Dat Pro Fac Ext Cet Arc Hub Used RIF Installer . | . . . . . . . . . . . . . . . . . . . . . . . . . Robots Hacked . | . . . . . . . . . . . . . . . . . . . . . . . . . Non-combat . | . . . . . . . . . . . . . . . . . . . . . . . . . Combat . | . . . . . . . . . . . . . . . . . . . . . . . . . Robot Hacks Applied . | . . . . . . . . . . . . . . . . . . . . . . . . . Relay Couplers Released 9 | . . . . . . . . 7 . . . . . . . . . . . 2 . . . . Machine Destruction 9 | . . . . . . . . 7 . . . . . . . . . . . 2 . . . . Fabnet Peak Effective % . | . . . . . . . . . . . . . . . . . . . . . . . . . Robots Rewired 10 | . . . . . . . . . . . . . . . . . . . . . 10 . . . Allies Hacked . | . . . . . . . . . . . . . . . . . . . . . . . . . Hacks Repelled . | . . . . . . . . . . . . . . . . . . . . . . . . . Allies | -11 -10 -10 -9 -9 -9 -8 -8 -8 -8 -7 -7 -7 -7 -6 -6 -6 -6 -6 -5 -5 -5 -5 -5 -5 -------- Run | Yrd Mat Min Mat Min Exi Min Mat Gar Mat Fac Low Low Zio Pro Fac Low Low Dat Pro Fac Ext Cet Arc Hub Total Allies 24 | . . 3 . . . . . . . . . . . . . . . . . . 17 . . 4 Largest Group 13 | . . 3 3 3 . . . . . . . . . . . . . . . . 13 5 . 3 Highest-Rated Group 461 | . . 40 40 40 . . . . . . . . . . . . . . . . 461 249 . 93 Highest-Rated Ally 159 | . . 16 16 16 . . . . . . . . . . . . . . . . 159 152 . 31 Total Orders . | . . . . . . . . . . . . . . . . . . . . . . . . . Ally Attacks 181 | . . . 19 29 . . . . . . . . . . . . . . . . 99 27 . 7 Total Damage 4363 | . . . 246 254 . . . . . . . . . . . . . . . . 3086 673 . 104 Kills 30 | . . . 4 4 . . . . . . . . . . . . . . . . 17 5 . . Allies Corrupted . | . . . . . . . . . . . . . . . . . . . . . . . . . Allies Melted 1 | . . . . . . . . . . . . . . . . . . . . . . . 1 . Intel | -11 -10 -10 -9 -9 -9 -8 -8 -8 -8 -7 -7 -7 -7 -6 -6 -6 -6 -6 -5 -5 -5 -5 -5 -5 ------- Run | Yrd Mat Min Mat Min Exi Min Mat Gar Mat Fac Low Low Zio Pro Fac Low Low Dat Pro Fac Ext Cet Arc Hub Robot Analysis Total 4 | . 2 . 1 . . . 1 . . . . . . . . . . . . . . . . . Derelict Logs Recovered 11 | . . . . 2 . . . . . . . 2 1 2 . 2 2 . . . . . . . Drone Launches . | . . . . . . . . . . . . . . . . . . . . . . . . . Drone Recoveries . | . . . . . . . . . . . . . . . . . . . . . . . . . Exploration | -11 -10 -10 -9 -9 -9 -8 -8 -8 -8 -7 -7 -7 -7 -6 -6 -6 -6 -6 -5 -5 -5 -5 -5 -5 ------------- Run | Yrd Mat Min Mat Min Exi Min Mat Gar Mat Fac Low Low Zio Pro Fac Low Low Dat Pro Fac Ext Cet Arc Hub Turns Passed 25898 | . 1272 468 227 626 285 324 1922 1466 1438 2395 988 810 1935 1093 2591 841 585 149 840 3110 1998 313 95 127 Spaces Moved 10488 | 1 538 177 122 526 258 192 714 471 606 833 378 315 793 413 1072 333 244 85 306 1025 678 105 75 228 Core 282 | . . . . . . . . . . . . . . . . . . . . . . . 54 228 Treads 8350 | . . . . . . . 672 471 606 833 378 315 793 413 1072 333 244 85 306 1025 678 105 21 . Legs 759 | 1 538 177 42 . . . 1 . . . . . . . . . . . . . . . . . Wheels 1097 | . . . 80 526 258 192 41 . . . . . . . . . . . . . . . . . Hover . | . . . . . . . . . . . . . . . . . . . . . . . . . Flight . | . . . . . . . . . . . . . . . . . . . . . . . . . Fastest Speed 50 | 120 120 260 110 110 110 110 110 155 160 160 240 240 240 240 156 240 240 160 240 240 240 240 50 50 Average Speed 208 | 120 174 260 161 110 110 110 212 197 199 234 241 240 240 240 205 240 240 166 240 241 240 240 114 50 Slowest Speed 480 | 120 260 260 260 110 110 110 400 235 240 320 480 240 240 240 240 240 240 240 240 243 240 240 240 50 Overloaded Moves . | . . . . . . . . . . . . . . . . . . . . . . . . . Propulsion Burnouts . | . . . . . . . . . . . . . . . . . . . . . . . . . Robots Hopped . | . . . . . . . . . . . . . . . . . . . . . . . . . Cave-ins Triggered 1 | . . . . . . . . . . . . . . . . . . . . 1 . . . . Exploration Rate (%) 51 | 1 58 43 16 98 69 58 70 43 46 20 63 58 74 36 39 51 53 69 48 32 75 49 72 34 Regions Visited 24 Branch Regions 16 Pre-discovered Areas 10 | . 2 . . . . . 2 . 1 . 1 1 2 . . . . 1 . . . . . . Known Exits Taken 16 | . . . 1 . . . 1 . 1 1 1 1 1 1 1 1 1 1 1 1 1 1 . . Unknown Exits Taken 7 | 1 1 1 . 1 1 1 . . . . . . . . . . . . . . . . 1 . Scrap Searched 18 | . . . . 1 . 2 . . . . . . 2 5 . 7 1 . . . . . . . Spaces Dug 75 | . . . . . . . 5 . 2 9 . 1 . 6 23 1 . . 1 27 . . . . Terrain Destroyed 712 | . . . . . . . 37 . 4 11 3 64 . 15 29 60 . . 71 217 67 1 . 133 Melee 32 | . . . . . . . 5 . 2 8 . . . . 17 . . . . . . . . . Projectile 149 | . . . . . . . 3 . 2 3 3 5 . 15 11 1 . . 5 61 39 1 . . AOE 529 | . . . . . . . 29 . . . . 59 . . . 59 . . 66 155 28 . . 133 Terrain Rammed 2 | . . . . . . . . . . . . . . . . . . . . . . . . 2 Walls Destroyed . | . . . . . . . . . . . . . . . . . . . . . . . . . Machines Disabled . | . . . . . . . . . . . . . . . . . . . . . . . . . Actions | -11 -10 -10 -9 -9 -9 -8 -8 -8 -8 -7 -7 -7 -7 -6 -6 -6 -6 -6 -5 -5 -5 -5 -5 -5 --------- Run | Yrd Mat Min Mat Min Exi Min Mat Gar Mat Fac Low Low Zio Pro Fac Low Low Dat Pro Fac Ext Cet Arc Hub Total 13195 | . 721 182 146 557 259 295 1018 884 768 1115 424 347 826 484 1314 374 244 93 380 1392 922 133 79 238 Wait 1307 | . 45 . 6 17 . 97 157 344 81 153 20 14 1 39 87 11 1 . 50 135 45 . . 4 Move 10463 | . 537 176 121 525 257 191 714 469 605 832 377 314 792 412 1071 332 243 84 305 1023 677 104 74 228 Hop . | . . . . . . . . . . . . . . . . . . . . . . . . . Pick Up 135 | . 12 1 4 3 1 . 21 . 11 10 4 . 7 . 13 5 . . 1 16 22 4 . . Fast Attach 66 | . 7 . 1 . . . 8 . 3 3 4 . 10 . 6 2 . 4 1 4 9 2 1 1 Attach 70 | . 1 . 1 . . . 7 2 3 10 4 2 . . 4 1 . . 1 23 11 . . . Detach 7 | . 2 . . . . . 2 . . . . . 1 . . . . . . . 1 1 . . Swap 176 | . 9 2 4 1 . 1 15 3 11 15 3 6 3 8 33 11 . 1 7 36 2 5 . . Drop 137 | . 10 1 6 2 1 1 31 . 12 9 . . 12 1 17 9 . 4 1 14 2 4 . . Fire 636 | . 90 . 3 9 . 5 52 56 34 69 12 11 . 24 56 3 . . 14 132 49 13 4 . Melee 46 | . . . . . . . 7 . 2 9 . . . . 26 . . . . . . . . 2 Ram 3 | . . . . . . . . . . . . . . . . . . . . . . . . 3 Kick 10 | . 8 2 . . . . . . . . . . . . . . . . . . . . . . Crush 29 | . . . . . . . 4 . 6 5 . . . . 1 . . . . 8 5 . . . Escape Stasis 17 | . . . . . . . . 10 . . . . . . . . . . . 1 6 . . . Rewire 93 | . . . . . . . . . . . . . . . . . . . . . 93 . . . Trap . | . . . . . . . . . . . . . . . . . . . . . . . . . Miscellaneous . | . . . . . . . . . . . . . . . . . . . . . . . . . Route ------- -11/Scrapyard -10/Materials (discovered 4 exits: *Mat x2 / [*Min] / [*Sub]) -10/Mines -9/Materials -9/Mines (discovered 3 exits: *Mat x2 / *Exi) -9/Exiles (discovered 2 exits: [*Min x2]) -8/Mines -8/Materials (discovered 3 exits: *Fac x2 / Gar) -8/Garrison (discovered 2 exits: *Mat x2) -8/Materials -7/Factory (discovered 3 exits: *Sto / *Low x2) -7/Lower Caves -7/Lower Caves (discovered 2 exits: *Fac / *Zio) -7/Zion -6/Proximity Caves -6/Factory (discovered 3 exits: *Fac x2 / *Low) -6/Lower Caves -6/Lower Caves (discovered 2 exits: *Fac / *Dat) -6/Data Miner -5/Proximity Caves -5/Factory (discovered 6 exits: *Fac x2 / *Upp x2 / *Ext x2) -5/Extension (discovered 2 exits: *Fac / *Cet) -5/Cetus -5/Archives -5/Hub_04(d) History --------- Turn | Location | Event 1 | -11/Scrapyard | Discovered new exit (range 0) 1 | -11/Scrapyard | Entered Materials 154 | -10/Materials | Discovered new exit (range 13) 154 | -10/Materials | Discovered new exit (range 13) 317 | -10/Materials | Build established: Mutant 670 | -10/Materials | Build established: Scavenger-Mutant 889 | -10/Materials | Discovered new exit (range 5) 1099 | -10/Materials | Discovered new exit (range 8) 1273 | -10/Materials | Entered Mines 1279 | -10/Mines | Met a Derelict bent on vengeance 1531 | -10/Mines | Found a damaged Exp. Sensor Array with a note attached 1537 | -10/Mines | Found Prototype Device 1684 | -10/Mines | Assisted by bots powering up and referring to "LRC-V3" 1730 | -10/Mines | Discovered new exit (range 3) 1741 | -10/Mines | Entered Materials 1741 | -9/Materials | Accompanied by 3 allies 1741 | -9/Materials | Evolved 2 slots: Propulsion x1, Utility x1 1786 | -9/Materials | Identified exit to Mines 1968 | -9/Materials | Entered Mines 1968 | -9/Mines | Accompanied by 3 allies 2024 | -9/Mines | Discovered new exit (range 13) 2045 | -9/Mines | Received a Rocket Launcher from a helpful Derelict 2113 | -9/Mines | Learned Materials terminal intel 2172 | -9/Mines | Learned 8 Materials zone layouts 2174 | -9/Mines | Met a Derelict who couldn't figure out how to use a Trap Extractor 2465 | -9/Mines | Discovered new exit (range 10) 2588 | -9/Mines | Deemed a non-threat by the Exiles lab entrance 2590 | -9/Mines | Discovered new exit (range 5) 2594 | -9/Mines | Entered Exiles 2609 | -9/Exiles | Discovered new exit (range 15) 2624 | -9/Exiles | Met 8R-AWN 2641 | -9/Exiles | Met EX-HEX 2670 | -9/Exiles | Met EX-BIN 2686 | -9/Exiles | Aligned with FarCom system 2687 | -9/Exiles | Given EX-Vault access code 2713 | -9/Exiles | Opened EX-Vault 2722 | -9/Exiles | Found Modified TNC 2744 | -9/Exiles | Warned to stay clear of 0b10 Research branches 2777 | -9/Exiles | Met EX-DEC 2780 | -9/Exiles | Build established: Mutant 2870 | -9/Exiles | Discovered new exit (range 10) 2879 | -9/Exiles | Left Exiles lab with Modified TNC 2879 | -9/Exiles | Entered Mines 3196 | -8/Mines | Discovered new exit (range 5) 3203 | -8/Mines | Entered Materials 3203 | -8/Materials | Evolved 2 slots: Weapon x2 3204 | -8/Materials | Identified exit to Factory 3205 | -8/Materials | Loaded intel: 12 terminal locations 3650 | -8/Materials | Build established: Scavenger-Skirmisher 3782 | -8/Materials | Discovered exit to Factory (range 8) 4151 | -8/Materials | Build established: Skirmisher 5125 | -8/Materials | Identified exit to Garrison 5125 | -8/Materials | Entered Garrison 5178 | -8/Garrison | Triggered checkpoint 5217 | -8/Garrison | Garrison Relay disabled 5341 | -8/Garrison | Triggered checkpoint 5358 | -8/Garrison | Triggered checkpoint 5622 | -8/Garrison | Garrison Relay disabled 5672 | -8/Garrison | Triggered checkpoint 5688 | -8/Garrison | Triggered checkpoint 5746 | -8/Garrison | Triggered checkpoint 5914 | -8/Garrison | Triggered checkpoint 6044 | -8/Garrison | Discovered new exit (range 10) 6337 | -8/Garrison | Attempted to access garrison exit controls, blocked by remote lockdown 6547 | -8/Garrison | Discovered new exit (range 10) 6591 | -8/Garrison | Entered Materials 7281 | -8/Materials | Discovered exit to Factory (range 8) 7682 | -8/Materials | Central database locked down 8029 | -8/Materials | Entered Factory 8029 | -7/Factory | Evolved 2 slots: Propulsion x1, Utility x1 8220 | -7/Factory | Discovered new exit (range 12) 8317 | -7/Factory | Build established: Tank 8376 | -7/Factory | Identified exit to Storage 8604 | -7/Factory | Identified exit to Lower Caves 8706 | -7/Factory | Build established: Skirmisher 8707 | -7/Factory | Found Prototype Launcher 8707 | -7/Factory | Identified Rocket Array 8718 | -7/Factory | Found Rocket Array 9602 | -7/Factory | Build established: Assassin 9891 | -7/Factory | Garrison activated, responded to threat 9947 | -7/Factory | Lost 6 parts (3n3w) 10306 | -7/Factory | Build established: Scavenger-Skirmisher 10424 | -7/Factory | Entered Lower Caves 10426 | -7/Lower Caves | Identified Exp. Sensor Array 10449 | -7/Lower Caves | Encountered a Warlord checkpoint 10452 | -7/Lower Caves | Met a Warlord Commander 10453 | -7/Lower Caves | Learned location of Warlord (-4) 10454 | -7/Lower Caves | Warlord Commander delivered Encrypted Comm Array 10470 | -7/Lower Caves | Found Encrypted Comm Array 10642 | -7/Lower Caves | Spotted B-75 Beast 10701 | -7/Lower Caves | Ambushed by wild Derelicts 11125 | -7/Lower Caves | Build established: Skirmisher 11395 | -7/Lower Caves | Discovered new exit (range 7) 11410 | -7/Lower Caves | Identified exit to Lower Caves 11412 | -7/Lower Caves | Entered another Lower Caves area 11432 | -7/Lower Caves | Encountered a Warlord checkpoint 11460 | -7/Lower Caves | Discovered new exit (range 15) 11479 | -7/Lower Caves | Learned Factory stockpile data 11494 | -7/Lower Caves | Identified exit to Factory 11590 | -7/Lower Caves | Learned location of Zion (-7) 11815 | -7/Lower Caves | Attracted the attention of an 0b10 outpost 11859 | -7/Lower Caves | Destroyed 9 combat bots 11886 | -7/Lower Caves | Spotted B-75 Beast 12128 | -7/Lower Caves | Build established: Scavenger-Skirmisher 12200 | -7/Lower Caves | Discovered new exit (range 8) 12217 | -7/Lower Caves | Identified exit to Zion 12222 | -7/Lower Caves | Entered Zion 12323 | -7/Zion | Discovered new exit (range 13) 12373 | -7/Zion | System corruption cleaned by Quarantine Array 12836 | -7/Zion | Learned Factory emergency access door positions 12884 | -7/Zion | Learned Factory garrison access intel 13145 | -7/Zion | Found Prototype Processor 13145 | -7/Zion | Identified Exp. Melee Analysis Suite 13149 | -7/Zion | Found Prototype Processor 13149 | -7/Zion | Identified Exp. Armor Integrity Analyzer 13154 | -7/Zion | Found Prototype Processor 13154 | -7/Zion | Identified Exp. Signal Interpreter 13284 | -7/Zion | Build established: Skirmisher 13452 | -7/Zion | Learned Factory emergency access door positions 14153 | -7/Zion | Identified exit to Proximity Caves 14157 | -7/Zion | Entered Proximity Caves 14368 | -6/Proximity Caves | Learned 8 Factory zone layouts 14423 | -6/Proximity Caves | Learned location of 1 exit from Lower Caves 15219 | -6/Proximity Caves | Discovered exit to Factory (range 8) 15247 | -6/Proximity Caves | Attracted the attention of an 0b10 outpost 15250 | -6/Proximity Caves | Entered Factory 15250 | -6/Factory | Evolved 2 slots: Utility x2 15251 | -6/Factory | Identified exit to Factory 15254 | -6/Factory | Loaded intel: 3 garrison access locations 16404 | -6/Factory | Build established: Derelict-Tank 16487 | -6/Factory | Repaired Med. Treads 17577 | -6/Factory | Build established: Skirmisher 17643 | -6/Factory | Discovered new exit (range 10) 17667 | -6/Factory | Identified exit to Lower Caves 17841 | -6/Factory | Entered Lower Caves 17842 | -6/Lower Caves | Identified exit to Lower Caves 17963 | -6/Lower Caves | Learned Factory stockpile data 18305 | -6/Lower Caves | Build established: Derelict-Skirmisher 18682 | -6/Lower Caves | Entered another Lower Caves area 18710 | -6/Lower Caves | Discovered exit to Factory (range 9) 19007 | -6/Lower Caves | Learned Factory security intel 19064 | -6/Lower Caves | Encountered a Warlord checkpoint 19223 | -6/Lower Caves | Discovered new exit (range 5) 19231 | -6/Lower Caves | Identified exit to Data Miner 19267 | -6/Lower Caves | Entered Data Miner 19267 | -6/Data Miner | Discovered new exit (range 6) 19277 | -6/Data Miner | Identified exit to Proximity Caves 19304 | -6/Data Miner | Met Data Miner 19345 | -6/Data Miner | Learned location of Section 7 (-3) 19345 | -6/Data Miner | Acquired the access code to Warlord's prototype stash 19358 | -6/Data Miner | Received God Mode back door access code from Data Miner 19416 | -6/Data Miner | Entered Proximity Caves 19419 | -5/Proximity Caves | Spotter reported a threat 19419 | -5/Proximity Caves | Spotter reported a threat 20050 | -5/Proximity Caves | Build established: Skirmisher 20132 | -5/Proximity Caves | Discovered exit to Factory (range 15) 20256 | -5/Proximity Caves | Entered Factory 20256 | -5/Factory | Evolved 2 slots: Utility x2 20257 | -5/Factory | Identified exit to Upper Caves 20608 | -5/Factory | Garrison activated, responded to threat 20907 | -5/Factory | Build established: Tank 21167 | -5/Factory | Discovered new exit (range 16) 21216 | -5/Factory | Identified exit to Factory 22002 | -5/Factory | System corruption reached 10% 22177 | -5/Factory | Crushed by falling debris 22492 | -5/Factory | Build established: Skirmisher 22514 | -5/Factory | Discovered exit to Factory (range 8) 22656 | -5/Factory | First assault squad dispatched 22666 | -5/Factory | Lost 6 parts (1p2n2u1w) 22725 | -5/Factory | Destroyed 14 combat bots 22899 | -5/Factory | Identified exit to Extension 23162 | -5/Factory | Lost 5 parts (2u3w) 23224 | -5/Factory | Destroyed 14 combat bots 23254 | -5/Factory | Lost 5 parts (1n2u2w) 23366 | -5/Factory | Entered Extension 23772 | -5/Extension | Build established: Scavenger-Tank 24130 | -5/Extension | Rescued a captive Derelict 24233 | -5/Extension | Rescued a captive Derelict 24266 | -5/Extension | First assault squad dispatched 24410 | -5/Extension | Rescued A7 24448 | -5/Extension | Rescued a captive Derelict 24489 | -5/Extension | Lost 9 allies 24746 | -5/Extension | Spotted B-75 Beast 24783 | -5/Extension | Allies destroyed B-75 Beast 24791 | -5/Extension | Lost 3 allies 24792 | -5/Extension | Spotted B-75 Beast 24841 | -5/Extension | Disrupted transfer network 24848 | -5/Extension | Allies destroyed B-75 Beast 24876 | -5/Extension | Lost 10 parts (3n2u5w) 24894 | -5/Extension | System corruption reached 30% 24941 | -5/Extension | Destroyed 7 combat bots 25115 | -5/Extension | Discovered new exit (range 16) 25117 | -5/Extension | Discovered exit to Factory (range 15) 25159 | -5/Extension | Identified exit to Cetus 25181 | -5/Extension | Build established: Scavenger-Skirmisher 25233 | -5/Extension | Rescued a captive Derelict 25233 | -5/Extension | Rescued a captive Derelict 25276 | -5/Extension | Rescued a captive Derelict 25364 | -5/Extension | Entered Cetus 25364 | -5/Cetus | Accompanied by 5 allies (A7) 25369 | -5/Cetus | Acquired a Cetus Manufacturing Module code from A7 25403 | -5/Cetus | Spotted Cetus Guard 25403 | -5/Cetus | Spotted Cetus Guard 25407 | -5/Cetus | Spotted Cetus Guard 25416 | -5/Cetus | Destroyed Cetus Guard 25416 | -5/Cetus | Spotted Cetus Guard 25418 | -5/Cetus | Allies destroyed Cetus Guard 25420 | -5/Cetus | Allies destroyed Cetus Guard 25429 | -5/Cetus | Allies destroyed Cetus Guard 25484 | -5/Cetus | Cetus Manufacturing Module disabled 25533 | -5/Cetus | Failed to start Cetus Manufacturing Module 25538 | -5/Cetus | P-70 Sage assimilated allied SV-01L(l) 25569 | -5/Cetus | Extracted ID and sensor layout for unrecognized location from A7's data core 25641 | -5/Cetus | Discovered new exit (range 16) 25663 | -5/Cetus | Build established: Scavenger-Tank 25674 | -5/Cetus | Identified exit to Archives 25677 | -5/Cetus | Entered Archives 25704 | -5/Archives | Met Zhirov 25710 | -5/Archives | Reinforcements dispatched to Archives 25728 | -5/Archives | Released all parts (16) 25730 | -5/Archives | Read partially decrypted archive contents 25731 | -5/Archives | Discovered new exit (range 15) 25742 | -5/Archives | Zhirov warped through subspace 25760 | -5/Archives | Zhirov detonated Archives 25761 | -5/Archives | Core integrity fell below 50% 25772 | -5/Archives | Entered Hub_04(d) 25795 | -5/Hub_04(d) | Network Hub disabled 25802 | -5/Hub_04(d) | Spotted Lightning 25808 | -5/Hub_04(d) | Spotted Lightning 25860 | -5/Hub_04(d) | Network Hub disabled 25885 | -5/Hub_04(d) | Allied Derelicts emerged from ambush trap array 25890 | -5/Hub_04(d) | Core integrity fell below 20% 25895 | -5/Hub_04(d) | Spotted Lightning 25895 | -5/Hub_04(d) | Spotted Lightning 25895 | -5/Hub_04(d) | Spotted Lightning 25899 | -5/Hub_04(d) | Destroyed by Lightning with EMDS Last Messages --------------- 25885_ Triggered Ambush Trap. 25885_ G3-1VV(g) emerges from a hatch in the floor. 25885_ SB-INN(g) emerges from a hatch in the floor. 25885_ ZL-2SA(g) emerges from a hatch in the floor. 25887_ G3-1VV(g): "We were hacked into the system waiting for the right moment to spring our attack, but seeing as you've already triggered the mechanism and given away our position, let's roll with it." 25889_ Slug penetrates Control Node. 25889_ Control Node disabled. 25894_ Slug penetrates G3-1VV(g). 25894_ Y-64 Sentinel suffers critical hit (Burn). 25895_ EMDS Slug penetrates Lightning. 25896_ Penetrated by EMDS Slug. 25897_ Lance destroyed. 25897_ EMDS Slug penetrates Wall. 25898_ Slammed into Network Hub. 25898_ Destabilizing: System corrupted (+2). 25898_ Destabilizing: Core damaged (-40). 25899_ Slammed into Network Hub. 25899_ Penetrated by EMDS Slug. Map ----- +----------------------------------------------------+ | ?????????????????????????????????? | | ?????????????????????????????????? | | ?????????????????????????????????? | | ?????????????????????????????????? | | ?????????????????????????????????? | | ?????????????????????????????????? | | ?????????????????????????????????? | | ?????????????????????????????????? | | ?????????????????????????????????? | | ?????????????????????????????????? | | ?????????????????????????????????? | | ???????????????????????????????Y?? | | ?????????????????????????????????? | | ?????????????????????????????????? | | ?????????????????????????????????? | | ?????????????????????????????????? | | ?????????????????????????????????? | | ?????????????????????????????????? | | ?????????????????????????????????? | | ?????????????????#???????????????? | | ??????????????+### ???############ | | ??????????????? ???# # | | ???????????????? ???# ? | | ????????????????# ???# " ?? | | ????????????????# ???# """ ? | | ????????????????# #### @""""" ?? | | ????????????????+ + """""""?? | | ????????????????# + h"""""??? | | ???????????########+###h h """ ?? | | ???????????# ## " ? | | ???????????# [## i # | | ???????????# ## # | | ???????????# " " " " ############# | | ???????????# " " " " #??????????? | | ???????????# " " " " ##??????????? | | ???????????# #???????????? | | ???????????# " " "Y" #???????????? | | ???????????# " " " " #???????????? | | ???????????# " " " #???????????? | | ???????????# #??######???? | | ???????????######/####??# ####? | | ??????????????# ##### ""#? | | ??????????????# "#? | | ??????????????# "#? | | ??????????????# ! "#? | | ??????????????# !! # """#? | | ??????????????## ! # ####? | | ???????????????# ######???? | | ???????????????+ ########## | | ???????????????# + # | +----------------------------------------------------+ Best States ------------- Heat Dissipation 105 Energy Generation 19 Energy Capacity 310 Matter Stores 550 Matter Capacity 550 Sight Range 16 Robot Scan Range 20 Terrain Scan Range 20 Terrain Scan Density 210 Armor Coverage 975 Resistance: TH 25 Evasion (%) 55 Targeting Accuracy 8 Armor Integrity Analysis 50 Recoil Reduction 4 Matter Filtering 50 Offensive Hacking 10 Defensive Hacking 12 Item Schematics ----------------- Lrn. Tractor Beam | -8/Materials | Hacked Beamcaster | -7/Zion | Free Battle Rifle | -7/Zion | Free Battle Cannon | -7/Zion | Free Flamer | -7/Zion | Free Ripper | -7/Zion | Free Combat Drone Bay | -6/Data Miner | Free Lgt. Regenerative Plating | -6/Data Miner | Free Enh. Flexi-carbon Leg | -6/Data Miner | Free Exp. Heat Sink | -6/Data Miner | Free Ionic Axe | -6/Data Miner | Free Imp. Heavy Treads | -6/Data Miner | Free Imp. Force Field | -6/Data Miner | Free Imp. Corruption Screen | -6/Data Miner | Free Micro-nuke Launcher | -6/Data Miner | Free Quantum Rifle | -6/Data Miner | Free Robot Schematics ------------------ B-60 Warrior | -6/Data Miner | Free A-15 Conveyor | -6/Data Miner | Free B-48 Gladiator | -6/Data Miner | Free H-66 Slayer | -6/Data Miner | Free Fabricated ------------ Nothing Alien Tech Used ----------------- None Achievements -------------- None Challenges ------------ None Game ------ Seed ScrapInsulatedMeganuke Manual? 0 Play Time 02:12:34 Cumulative 185.8 hours Start 2024.04.06 @ 19:59:23 End 2024.04.07 @ 16:10:23 Sessions 9 Manual Loads 0 Difficulty Rogue Special Mode None Game No. 249 Rogue 249 Adventurer 0 Explorer 0 Win Type - Total 4 Types 2/1/0/1/0/0/0/0/0 Lore% 68 Gallery% 75 Achievement% 66 Wizard Run 0 Options --------- Layout 0 ASCII 0 Keyboard 0 Movement Numpad Keybinds 0 Fullscreen 1 Font 18/SmallcapsGlow Map View 76x50 Zoom Use 0% Tactical HUD 1 Map Filters NONE Filters NONE Steam 1 RUN: c1ab5448-d9a3-4a47-896d-a8cffa1f10ac